 Dungeon Sprint DCSS version 0.22-a0-608-g8a62e23 (webtiles) character file.

186 George the Carver (level 5, -11/41 HPs)
             Began as a Demonspawn Fighter on July 9, 2018.
             Was an Initiate of Makhleb.
             Mangled by a two-headed ogre
             ... wielding a +0 giant club
              (19 damage)
             ... in the Dungeon (Sprint IX: "|||||||||||||||||||||||||||||").
             The game lasted 00:01:36 (464 turns).

George the Carver (Demonspawn Fighter)               Turns: 464, Time: 00:01:36

Health: -11/41     AC: 12    Str: 18    XL:     5   Next: 38%
Magic:  5/5        EV:  9    Int: 12    God:    Makhleb [......]
Gold:   0          SH:  8    Dex: 12    Spells: 4/4 levels left

rFire    . . .     SeeInvis .   a - +0 long sword
rCold    . . .     Gourm    .   c - +0 shield
rNeg     . . .     Faith    .   r - +1 scale mail
rPois    .         Spirit   .   (no helmet)
rElec    .         Reflect  .   p - +0 cloak
rCorr    .         Harm     .   q - +0 pair of gloves
MR       .....     NoTele   +   (no boots)
Stlth    ..........             (no amulet)
HPRegen  0.13/turn              b - +2 ring of evasion
MPRegen  0.09/turn              s - +3 ring of intelligence

@: very slightly contaminated, invisible (expiring)
A: thin metallic scales 2
a: Renounce Religion


You were in the Dungeon.
You worshipped Makhleb.
Makhleb was noncommittal.
You were not hungry.

You visited 1 branch

Inventory:

Hand Weapons
 a - a +0 long sword (weapon)
 o - a +2 rapier of electrocution
Armour
 c - a +0 shield (worn)
 p - a +0 cloak (worn)
 q - a +0 pair of gloves (worn)
 r - a +1 scale mail (worn)
Jewellery
 b - a +2 ring of evasion (left hand)
 s - a +3 ring of intelligence (right hand)
Wands
 n - a wand of iceblast (10)
Scrolls
 k - 2 scrolls of blinking
 l - 3 scrolls of remove curse
 m - 2 scrolls of amnesia
Potions
 d - a potion of might
 e - 5 potions of curing
 g - 3 potions of heal wounds
 h - a potion of haste
 i - 4 potions of magic
Comestibles
 f - a ration


   Skills:
 + Level 3.0 Fighting
 * Level 10.3 Long Blades
 + Level 2.6 Armour
 + Level 0.0 Dodging
 + Level 2.6 Shields
 + Level 0.0 Invocations


You had 4 spell levels left.
You didn't know any spells.
Your spell library was empty.

Dungeon Overview and Level Annotations

Branches:
Dungeon (1/1)

Altars:
Cheibriados
Dithmenos
Elyvilon
Fedhas
Gozag
Hepliaklqana
Kikubaaqudgha
Makhleb
Nemelex Xobeh
Okawaru
Qazlal
Ru
Sif Muna
Trog
Uskayaw
Vehumet
Wu Jian
Xom
Yredelemnul
Zin
The Shining One
Beogh
Jiyva
Lugonu


Innate Abilities, Weirdness & Mutations

You are mostly covered in thin metallic scales. (AC +3)


Message History

You catch the helpless two-headed ogre completely off-guard!
You hit the two-headed ogre but do no damage.
The two-headed ogre is moderately wounded.
The two-headed ogre completely misses you.
You riposte.
You hit the two-headed ogre.
The two-headed ogre is moderately wounded.
The two-headed ogre closely misses you.
You slash the two-headed ogre!
The two-headed ogre is heavily wounded.
You flicker for a moment.
You barely miss the two-headed ogre.
The two-headed ogre is heavily wounded.
You block the two-headed ogre's attack.
The two-headed ogre hits you with a giant club!
You hit the two-headed ogre.
The two-headed ogre is severely wounded.
The two-headed ogre hits you with a giant club.
* * * LOW HITPOINT WARNING * * *
The two-headed ogre hits you with a giant club!!
You die... ▓▓▓▓▓▓▓▓▓▓▓▓▓▓▓▓▓▓▓▓▓▓▓▓ .WyFhhO@.[..)|..'_______ ▓▓▓▓▓▓▓▓▓▓▓▓▓▓▓▓▓▓▓▓▓▓▓▓

You could see a two-headed ogre, a hungry ghost, a bullfrog, a howler monkey, a hound and a killer bee.

Vanquished Creatures
  An ogre (D)
  A centaur (D)
  An adder (D)
  A bat skeleton (D)
  A giant cockroach (D)
  2 goblins (D)
  A hobgoblin (D)
  A jackal (D)
  A bat (D)
10 creatures vanquished.

Notes
Turn   | Place    | Note
-------+----------+-------------------------------------------
     0 | D        | George the Demonspawn Fighter began the quest for the Orb.
     0 | D        | Reached XP level 1. HP: 18/18 MP: 1/1
     6 | D        | Reached skill level 2 in Long Blades
    12 | D        | Reached skill level 3 in Long Blades
   114 | D        | Noticed an ogre
   114 | D        | Noticed a centaur
   122 | D        | Killed a centaur
   122 | D        | Reached skill level 8 in Long Blades
   122 | D        | Gained mutation: You are partially covered in thin metallic scales. (AC +2) [demonic ancestry]
   122 | D        | Reached XP level 2. HP: 24/24 MP: 2/2
   122 | D        | Reached XP level 3. HP: 29/29 MP: 3/3
   122 | D        | Reached XP level 4. HP: 35/35 MP: 4/4
   130 | D        | Killed an ogre
   130 | D        | Reached skill level 10 in Long Blades
   130 | D        | Gained mutation: You are mostly covered in thin metallic scales. (AC +3) [demonic ancestry]
   130 | D        | Reached XP level 5. HP: 22/41 MP: 5/5
   382 | D        | Found a roughly hewn altar of Beogh.
   382 | D        | Found a snail-covered altar of Cheibriados.
   382 | D        | Found a shadowy altar of Dithmenos.
   382 | D        | Found a white marble altar of Elyvilon.
   382 | D        | Found a blossoming altar of Fedhas.
   382 | D        | Found an opulent altar of Gozag.
   383 | D        | Found a hazy altar of Hepliaklqana.
   384 | D        | Found a viscous altar of Jiyva.
   385 | D        | Found an ancient bone altar of Kikubaaqudgha.
   386 | D        | Found a corrupted altar of Lugonu.
   387 | D        | Found a burning altar of Makhleb.
   388 | D        | Found a sparkling altar of Nemelex Xobeh.
   389 | D        | Found an iron altar of Okawaru.
   390 | D        | Found a stormy altar of Qazlal.
   391 | D        | Found a sacrificial altar of Ru.
   392 | D        | Found a deep blue altar of Sif Muna.
   393 | D        | Found a bloodstained altar of Trog.
   394 | D        | Found a hide-covered altar of Uskayaw.
   395 | D        | Became a worshipper of Makhleb the Destroyer
   396 | D        | Found a radiant altar of Vehumet.
   397 | D        | Found an ornate altar of the Wu Jian Council.
   398 | D        | Found a shimmering altar of Xom.
   399 | D        | Found a basalt altar of Yredelemnul.
   400 | D        | Found a glowing silver altar of Zin.
   401 | D        | Found a glowing golden altar of the Shining One.
   452 | D        | Noticed a hungry ghost
   452 | D        | Noticed a two-headed ogre
   464 | D        | Mangled by a two-headed ogre

Vault maps used:
D:        linesprint

Skill      XL: |  1  2  3  4 |
---------------+-------------+-----
Long Blades    | 8 10 | 10.3
Fighting       | |  3.0
Armour         | |  2.6
Shields        | |  2.6

Action                   |  1- 3 |  4- 6 || total
-------------------------+-------+-------++-------
Melee: Long sword        |    23 |    26 ||    49
  Use: Potion            |     1 |     1 ||     2
 Stab: Invisible         |       |     3 ||     3
Armor: Scale mail        |    10 |     5 ||    15
Dodge: Dodged            |     9 |    12 ||    21
Block: Shield            |    11 |    12 ||    23
       Rpst.: Long sword |     3 |     3 ||     6

Table legend:
 A = Spawn XP
 B = Non-spawn XP
 C = Spawn XP percentage of total XP
 D = Spawn monster count
 E = Non-spawn monster count
 F = Spawn count percentage of total count
 G = Total turns spent on level
                    A         B        C        D         E        F      G
               +---------+---------+-------+---------+---------+-------+---------
         Total |       0 |     266 |   0.0 |       0 |      10 |   0.0 |   464
               +---------+---------+-------+---------+---------+-------+---------
             D |       0 |     266 |   0.0 |       0 |      10 |   0.0 |   464
               +---------+---------+-------+---------+---------+-------+---------
